 Dungeon Crawl Stone Soup version 0.21.0-24-g2553a33 (webtiles) character file.

81 sankara the Covered (level 4, 0/42 HPs)
             Began as a Deep Dwarf Fighter on Jan 19, 2018.
             Slain by Sigmund
             ... wielding a +3 scythe of protection
              (6 damage)
             ... on level 2 of the Dungeon.
             The game lasted 00:10:57 (1034 turns).

sankara the Covered (Deep Dwarf Fighter)            Turns: 1034, Time: 00:10:57

Health: 0/42       AC:  8    Str: 17 (19) XL:     4   Next: 19%
Magic:  4/4        EV:  7    Int:  8 (9)  God:
Gold:   38         SH:  9    Dex: 12 (13) Spells: 3/3 levels left

rFire    . . .     SeeInvis .   a - +0 war axe
rCold    . . .     Gourm    .   c - +0 shield
rNeg     . . .     Faith    .   b - +0 scale mail
rPois    .         Spirit   .   (no helmet)
rElec    .         Reflect  .   (no cloak)
rCorr    .         Harm     .   (no gloves)
MR       .....                  j - +0 pair of boots
Stlth    ..........             (no amulet)
HPRegen  0.00/turn              (no ring)
MPRegen  0.09/turn              (no ring)

@: non-regenerating
A: damage resistance, heal wounds, sense surroundings 1, no regeneration
a: Heal Wounds


You were on level 2 of the Dungeon.
You were not hungry.

You visited 1 branch of the dungeon, and saw 2 of its levels.

You collected 38 gold pieces.

Inventory:

Hand Weapons
 a - a +0 war axe (weapon)
Missiles
 i - 80 stones (quivered)
Armour
 b - a +0 scale mail (worn)
 c - a +0 shield (worn)
 j - a +0 pair of boots (worn)
Scrolls
 g - a scroll of amnesia {unknown}
 n - a scroll of enchant armour {unknown}
Potions
 d - a potion of might
 h - 2 potions of curing
 l - 2 potions of degeneration
 m - a potion of haste
Comestibles
 f - 2 rations
 k - 4 chunks of flesh


   Skills:
 + Level 3.1 Fighting
 * Level 3.6 Axes
 - Level 0.1 Throwing
 - Level 3.8 Armour
 - Level 0.1 Dodging
 - Level 3.7 Shields


You had 3 spell levels left.
You didn't know any spells.

Dungeon Overview and Level Annotations

Branches:
Dungeon (2/15)

Altars:

Annotations:
D:2 Sigmund


Innate Abilities, Weirdness & Mutations

You are resistant to damage.
You can heal yourself by infusing magical energy.
You passively map a small area around you.
You do not regenerate.


Message History

You throw a stone. Something hits you but does no damage.
Throwing (i - inventory):
i - 83 stones (quivered)
Press: ? - help, Shift-Dir - straight line You throw a stone.
You feel less wooden.
Your +0 pair of boots unmelds from your body.
Your +0 scale mail unmelds from your body.
The bat hits you but does no damage. Something hits you.
* * * LOW HITPOINT WARNING * * *
Throwing (i - inventory):
i - 82 stones (quivered)
Press: ? - help, Shift-Dir - straight line You throw a stone.
You block the bat's attack.
You hear some strange, mumbled words.
A puff of flame appears from out of thin air!
The puff of flame hits you!
* * * LOW HITPOINT WARNING * * *
Throwing (i - inventory):
i - 81 stones (quivered)
Press: ? - help, Shift-Dir - straight line You throw a stone.
Something hits you!
You die...

, *,* #..#.....# , * , *
##......... . * *
###.......... , .., , *
##............ ... ,,
#..#.........# * (...
#.#.....)....# *.....,**
#.#.####...(..
.....{#####.#.###...<...
......b@......#........#
....>.###...###.##.....#
..... ,#..####..##.....#
, .... ,#.##
#..###.###.. ... ,..
#........... ,, ..
...#####........... ,.,,
...................
...#...##........... *
....####...†.......


You could see a bat.

Vanquished Creatures
  Terence (D:2)
  A gnoll (D:1)
  2 worms (D:2)
  A dart slug (D:1)
  3 giant cockroaches
  5 goblins (D:1)
  7 hobgoblins
  A ball python (D:1)
  4 bats
  4 frilled lizards
  6 kobolds (D:1)
  4 rats
39 creatures vanquished.

Notes
Turn   | Place    | Note
-------+----------+-------------------------------------------
     0 | D:1      | sankara the Deep Dwarf Fighter began the quest for the Orb.
     0 | D:1      | Reached XP level 1. HP: 20/20 MP: 1/1
   138 | D:1      | Reached XP level 2. HP: 27/27 MP: 2/2
   680 | D:1      | Reached XP level 3. HP: 26/34 MP: 3/3
   818 | D:2      | Noticed Terence
   835 | D:2      | Killed Terence
   884 | D:2      | Reached XP level 4. HP: 40/42 MP: 4/4
   997 | D:2      | Noticed Sigmund
  1034 | D:2      | Slain by Sigmund

Skill      XL: |  1  2  3 |
---------------+----------+-----
Fighting       | 3 |  3.1
Axes           | 3 |  3.6
Throwing       | |  0.1
Armour         | |  3.8
Dodging        | |  0.1
Shields        | |  3.7

Action                   |  1- 3 |  4- 6 || total
-------------------------+-------+-------++-------
Melee: War axe           |   105 |    40 ||   145
Throw: Stone             |     8 |    15 ||    23
  Use: Potion            |     4 |     2 ||     6
  Eat: Chunk             |       |     1 ||     1
Armor: Scale mail        |    44 |    19 ||    63
       Skin              |       |    34 ||    34
Dodge: Dodged            |    31 |    11 ||    42
Block: Shield            |    70 |    29 ||    99
